 Dungeon Crawl Stone Soup version 0.30-a0-1075-gcd70e7a56d (webtiles) character file.

Game seed: 16664692140259045145

382 BlueFish the Sneak (level 6, -5/42 HPs)
             Began as an Octopode Warper on Apr 14, 2023.
             Splashed by a jelly's acid (8 damage)
             ... on level 4 of the Dungeon.
             The game lasted 00:08:41 (4052 turns).

BlueFish the Sneak (Octopode Warper)                Turns: 4052, Time: 00:08:41

Health: -5/42      AC: -15   Str: 12    XL:     6   Next: 76%
Magic:  7/10       EV: 13    Int: 15    God:
Gold:   285        SH:  0    Dex: 12    Spells: 3/10 levels left

rFire   . . .      SeeInvis .    a - +0 mace
rCold   . . .      Faith    .    (no shield)
rNeg    . . .      Spirit   .    (helmet restricted)
rPois   .          Reflect  .    (no amulet)
rElec   .          Rampage  .    x - ring of wizardry
rCorr   .                        (no ring)
Will    .....                    (no ring)
Stlth   ++++                     (no ring)
HPRegen 0.27/turn                (no ring)
MPRegen 0.12/turn                (no ring)
                                 (no ring)
                                 (no ring)

@: corroded
A: almost no armour, amphibious, 8 rings, camouflage 1, gelatinous body 1,
(nimble swimmer 1), tentacles
a: no special abilities


You were on level 4 of the Dungeon.
You visited 1 branch of the dungeon, and saw 4 of its levels.
You also visited: Sewer and Ossuary.

You collected 285 gold pieces.

Inventory:

Hand Weapons
 a - a +0 mace (weapon)
 b - a +0 sling
Missiles
 c - 5 boomerangs of dispersal
 f - 41 stones (quivered)
 l - 6 curare-tipped darts
 s - 13 poisoned darts
Jewellery
 r - the Hermit's Pendant {Faith Invo=14 Evo=0 MP+5}
   (You found it on level 2 of the Dungeon)

   [amulet of faith]

   Invo=14: It sets your Invocations skill to 14.
   Evo=0: It sets your Evocations skill to 0.
   It allows you to gain divine favour quickly.
   MP:        It affects your magic capacity (+5).
 x - a ring of wizardry (left tentacle)
Scrolls
 e - a scroll of enchant armour
 h - 2 scrolls of teleportation
 k - a scroll of enchant weapon {unknown}
 m - a scroll of poison
 p - 3 scrolls of blinking
 t - a scroll of amnesia {unknown}
 w - a scroll of vulnerability {unknown}
 y - a scroll of fear {unknown}
 B - a scroll of fog {unknown}
 C - a scroll of identify
 E - 2 scrolls of butterflies {unknown}
Potions
 d - 2 potions of berserk rage {unknown}
 g - 2 potions of heal wounds {unknown}
 i - 2 potions of ambrosia
 j - 6 potions of degeneration
 n - 2 potions of curing {unknown}
 o - 3 potions of lignification
 q - 2 potions of might {unknown}
 u - 2 potions of invisibility {unknown}
 v - 2 potions of attraction {unknown}
 z - 3 potions of flight {unknown}
 A - 4 potions of haste
 D - a potion of resistance {unknown}
 F - a potion of experience {unknown}
 G - 2 potions of mutation {unknown}


   Skills:
 + Level 3.0 Fighting
 + Level 2.9 Maces & Flails
 + Level 2.2 Throwing
 + Level 3.3 Dodging
 * Level 4.9 Stealth
 + Level 2.8 Spellcasting
 + Level 3.7 Translocations


You had 3 spell levels left.
You knew the following spells:

 Your Spells              Type           Power      Damage    Failure   Level
a - Blink                 Tloc           26%        N/A       2%          2
b - Lesser Beckoning      Tloc           26%        N/A       2%          2
c - Teleport Other        Tloc           13%        N/A       5%          3

Your spell library contained the following spells:

 Spells                   Type           Power      Damage    Failure   Level
 Vhi's Electric Charge    Tloc/Air       14%        N/A       12%         3
 Tukima's Dance           Hex            2%         N/A       24%         3
 Manifold Assault         Tloc           13%        N/A       17%         4
 Passage of Golubria      Tloc           13%        N/A       17%         4
 Yara's Violent Unravell  Hex/Tmut       1%         3d3       89%         5


Dungeon Overview and Level Annotations

Branches:
Dungeon (4/15)              Sewer (visited)         Ossuary (visited)
 Temple: D:4-7

Altars:
Qazlal
Vehumet

Annotations:
D:3 2 transporters, exclusion: ice beast, GigaChad's ghost, amateur FoFi


Innate Abilities, Weirdness & Mutations

You cannot wear most types of armour.
You are amphibious.
You can wear up to eight rings at the same time.
Your skin changes colour to match your surroundings (Stealth+).
Your rubbery body absorbs attacks. (AC +1, EV +1)
((You are camouflaged when in or above water. (Stealth+)))
You have tentacles for arms and can constrict up to eight enemies at once.


Message History

A jelly comes into view.
You shoot a sling bullet. The sling bullet hits the jelly.
The jelly is moderately wounded.
a - a +0 mace (weapon)
You hit the jelly.
Your tentacles burn!
The jelly is heavily wounded.
The jelly hits you. The acid corrodes you!
You are splashed with acid.
The jelly hits you. The acid corrodes you!
You are splashed with acid!
You hit the jelly.
Your tentacles burn!
The jelly is heavily wounded.
The jelly hits you. The acid corrodes you!
You are splashed with acid!
* * * LOW HITPOINT WARNING * * *
Cast which spell? (? or * to list)
You blink.
Found an escape hatch in the ceiling.
A kobold comes into view.
It is wielding a +0 dagger and quivering poisoned darts.
You feel stable enough to blink again.
Casting: Blink (safe; 2% risk of failure)
Confirm with . or Enter, or press ? or * to list all spells.
You blink.
The jelly attacks as you move away! The jelly hits you.
* * * LOW HITPOINT WARNING * * *
The acid corrodes you!
You are splashed with acid!
* * * LOW HITPOINT WARNING * * *
Throw: 7 boomerangs (disperse)
Press: ? - help, Shift-Dir - straight line, f/p - jelly
Aim: a jelly (heavily wounded, 89% to hit)
You throw a boomerang of dispersal.
The boomerang of dispersal completely misses the jelly.
The jelly misses you.
Throw: 6 boomerangs (disperse)
Press: ? - help, Shift-Dir - straight line, f - ogre, p - jelly
Aim: an ogre, wielding a +0 giant club (74% to hit)
You throw a boomerang of dispersal.
The boomerang of dispersal hits the jelly and shatters, but does no damage.
The jelly is heavily wounded.
You feel stable enough to blink again. The jelly hits you.
* * * LOW HITPOINT WARNING * * *
The acid corrodes you!
You are splashed with acid!
You die...

## .# ## ##.###
##.# #...<#
#...#####@..#
##...#...J..##
###......O.g...#
...............#
....K..........###
.......#.........
#......#.......###
#......#.......#
#..#..!...#....###


You could see an ogre, a jelly and a goblin.

Vanquished Creatures
  A centaur zombie (Ossuary)
  2 human zombies (Ossuary)
  4 mummies (Ossuary)
  A gnoll (D:4)
  3 river rats (Sewer)
  10 adders
  2 dart slugs
  5 orcs (D:3)
  10 ball pythons
  17 bats
  3 endoplasms
  5 giant cockroaches
  7 goblins
  5 hobgoblins
  13 kobolds
  3 quokkas
  6 frilled lizards
  4 goblin zombies (Ossuary)
  An orc zombie (Ossuary)
  14 rats
116 creatures vanquished.

Notes
Turn   | Place    | Note
-------+----------+-------------------------------------------
     0 | D:1      | BlueFish the Octopode Warper began the quest for the Orb.
     0 | D:1      | Reached XP level 1. HP: 14/14 MP: 3/3
    96 | D:1      | Reached skill level 1 in Stealth
    96 | D:1      | Reached XP level 2. HP: 19/19 MP: 5/5
   124 | D:1      | Learned a level 2 spell: Blink
   127 | D:1      | Learned a level 2 spell: Lesser Beckoning
   452 | D:1      | Reached XP level 3. HP: 10/24 MP: 6/6
   454 | D:1      | Reached skill level 2 in Stealth
   934 | D:2      | Found a stormy altar of Qazlal.
  1175 | D:2      | Reached XP level 4. HP: 28/30 MP: 7/7
  1182 | D:2      | Found the Hermit's Pendant {Faith Invo=14 Evo=0 MP+5}
  1516 | D:3      | Noticed GigaChad's ghost (amateur FoFi)
  1519 | D:3      | Found a transporter.
  1562 | D:3      | Found a glowing drain.
  1580 | Sewer    | Entered a sewer
  1602 | Sewer    | Reached skill level 3 in Stealth
  1816 | Sewer    | Reached XP level 5. HP: 35/35 MP: 8/8
  2221 | D:3      | Found a transporter.
  2239 | D:3      | Learned a level 3 spell: Teleport Other
  2622 | D:3      | Found a radiant altar of Vehumet.
  2815 | D:3      | Noticed an ice beast
  2936 | D:3      | Reached skill level 4 in Stealth
  3241 | D:4      | Reached XP level 6. HP: 7/41 MP: 9/9
  3319 | D:4      | Found the +1 Delatra's gloves {ID++}
  3398 | D:4      | Found a sand-covered staircase.
  3419 | Ossuary  | Entered an ossuary
  4052 | D:4      | Splashed by a jelly's acid

Illustrated notes

Levels and vault maps discovered:
D:1:      spicycebolla_arrival_xxxplode, layout_rooms
D:2:      layout_rooms, basic_altar, corexii_item_surrounded_by_moat,
          minmay_fractal_squares_gapless_5
D:3:      layout_loops_corners, lemuel_crystal_altar, portal_sewer_entry_f,
          gammafunk_ghost_arena, corexii_corridor_pit, st_stairs_1,
          roderic_batcave, grunt_decor_arrowhead
D:4:      layout_cave_pools, kennysheep_little_box,
          nicolae_ossuary_entry_false_entrances

Skill      XL: |  1  2  3  4  5  6 |
---------------+-------------------+-----
Stealth        | 1 2 3 4 |  4.9
Dodging        | 3 |  3.3
Throwing       | 2 |  2.2
Fighting       | 3 |  3.0
Maces & Flails | |  2.9
Spellcasting   | |  2.8
Translocations | |  3.7

Action                     |  1- 3 |  4- 6 || total
---------------------------+-------+-------++-------
  Melee: Mace              |    59 |   135 ||   194
         Constrict         |    15 |    36 ||    51
         Tentacles         |     6 |    25 ||    31
         Punch             |       |     5 ||     5
   Fire: Sling             |    14 |   120 ||   134
  Throw: Boomerang         |       |     2 ||     2
   Cast: Blink             |       |     2 ||     2
    Use: Scroll            |       |     6 ||     6
   Stab: Sleeping          |     6 |       ||     6
 Armour: Skin              |     8 |    24 ||    32
  Dodge: Dodged            |    38 |    95 ||   133

Table legend: (Time is in decaauts)
 A = Elapsed time spent in this place.
 B = Non-inter-level travel time spent in this place.
 C = Inter-level travel time spent in this place.
 D = Time resting spent in this place.
 E = Time spent auto-exploring this place.
 F = Levels seen in this place.
 G = Mean time per level.
                   A        B        C        D        E       F      G
               +--------+--------+--------+--------+--------+-----+--------+
         Total |   4109 |   4037 |     72 |     46 |   2921 |   6 |  684.8 |
       Dungeon |   2854 |   2782 |     72 |     34 |   2020 |   4 |  713.5 |
         Sewer |    634 |    634 |      0 |      0 |    496 |   1 |  634.0 |
       Ossuary |    620 |    620 |      0 |     12 |    405 |   1 |  620.0 |
               +--------+--------+--------+--------+--------+-----+--------+

Top non-repeatable levels by time:
     D:3: 1314 daAuts
     D:2: 740 daAuts
   Sewer: 634 daAuts
 Ossuary: 620 daAuts
     D:1: 614 daAuts
     D:4: 184 daAuts
